 Dungeon Crawl Stone Soup version 0.27.1-33-g824d729ab1 (webtiles) character file.

Game seed: 202098081500072274

38 zeram the Sneak (level 3, -1/21 HPs)
             Began as an Octopode Necromancer on Dec 25, 2021.
             Killed from afar by Sigmund (9 damage)
             ... with a puff of flame
             ... on level 2 of the Dungeon.
             The game lasted 00:01:55 (1253 turns).

zeram the Sneak (Octopode Necromancer)              Turns: 1253, Time: 00:01:55

Health: -1/21      AC:  1    Str:  7    XL:     3   Next: 43%
Magic:  15/15      EV: 13    Int: 18    God:
Gold:   30         SH:  0    Dex: 12    Spells: 5/6 levels left

rFire    . . .     SeeInvis .   a - +1 dagger (flame)
rCold    . . .     Faith    .   (no shield)
rNeg     . . .     Spirit   .   (helmet restricted)
rPois    .         Reflect  .   (no amulet)
rElec    .         Harm     .   c - ring of magical power
rCorr    +         Rampage  .   h - ring of resist corrosion
Will     .....                  b - +4 ring of slaying
Stlth    ++........             (no ring)
HPRegen  0.07/turn              (no ring)
MPRegen  0.14/turn              (no ring)
                                (no ring)
                                (no ring)

@: confused
A: almost no armour, amphibious, 8 rings, camouflage 1, gelatinous body 1,
(nimble swimmer 1), tentacles
a: no special abilities


You were on level 2 of the Dungeon.
You visited 1 branch of the dungeon, and saw 2 of its levels.

You collected 30 gold pieces.

Inventory:

Hand Weapons
 a - a +1 dagger of flaming (weapon)
Missiles
 e - 2 throwing nets
Jewellery
 b - a +4 ring of slaying (on tentacle)
 c - a ring of magical power (left tentacle)
 h - a ring of resist corrosion (right tentacle)
Potions
 d - 2 potions of haste {unknown}


   Skills:
 - Level 2.0 Dodging
 + Level 5.3 Stealth
 - Level 2.0 Spellcasting
 - Level 4.0 Necromancy


You had 5 spell levels left.
You knew the following spells:

 Your Spells              Type           Power      Damage    Failure   Level
a - Pain                  Necr           64%        1d7       3%          1

Your spell library contained the following spells:

 Spells                   Type           Power      Damage    Failure   Level
 Animate Skeleton         Necr           32%        N/A       3%          1
 Vampiric Draining        Necr           8%         2d7       11%         3
 Summon Small Mammal      Summ           4%         N/A       19%         1
 Animate Dead             Necr           8%         N/A       34%         4
 Call Canine Familiar     Summ           1%         N/A       47%         3
 Summon Guardian Golem    Hex/Summ       1%         N/A       47%         3
 Agony                    Necr           16%        N/A       67%         5


Dungeon Overview and Level Annotations

Branches:
Dungeon (2/15)

Altars:

Annotations:
D:2 Sigmund


Innate Abilities, Weirdness & Mutations

You cannot wear most types of armour.
You are amphibious.
You can wear up to eight rings at the same time.
Your skin changes colour to match your surroundings (Stealth+).
Your rubbery body absorbs attacks. (AC +1, EV +1)
((You are camouflaged near water. (Stealth+)))
You have tentacles for arms and can constrict up to eight enemies at once.


Message History

Found a faded altar of an unknown god.
You see here a giant cockroach corpse.
There is an open door here.
Found a glowing ruby ring.
b - a +4 ring of slaying
Found 2 green potions.
d - 2 green potions
b - a +4 ring of slaying (on tentacle)
Found a stone staircase leading down.
An endoplasm comes into view.
An endoplasm is nearby!
An endoplasm is nearby!
An endoplasm is nearby!
Found a scale mail.
The helpless endoplasm fails to defend itself.
You puncture the endoplasm! You burn the endoplasm.
You kill the endoplasm!
Found a runed scarf.
Found 21 stones.
A worm and Sigmund come into view.
Sigmund is wielding a +0 scythe and carrying a wand of flame (18).
There are monsters nearby!
There are monsters nearby!
There are monsters nearby!
A kobold comes into view. It is wielding a +0 short sword.
The kobold shouts!
Sigmund shouts!
You hear an angry hiss.
Sigmund zaps a wand.
The puff of flame hits you.
Sigmund zaps a wand.
The puff of flame hits you!
Ouch! That really hurt!
Found 16 gold pieces.
The kobold throws a stone.
The stone misses you.
A ball python comes into view.
You see here a +0 short sword.
Sigmund points at you and mumbles some strange words.
You are confused.
There is a stone staircase leading up here.
Sigmund points at you and mumbles some strange words.
You are more confused.
In your confused state, you trip and fall back down the stairs.
Sigmund zaps a wand.
The puff of flame hits you!
You die...

.. #.....#..#'#†.#.#
[# ##.....#..#_#..#.#
.####......#..###..#.#
.##.....#..#.......#.#
.##..>.##..#.......#.#
.....####..####'####.#
..##.####............#
....................##
...........@.)..@...#
.......##...........#
.......##...........#
.......##...........#
.......##.#.#########
......###.#.# ......#
#.#.# ......# #.
..#.###


You could see Sigmund.

Vanquished Creatures
  3 dart slugs (D:1)
  4 endoplasms
  A giant cockroach (D:2)
  3 goblins (D:1)
  2 hobgoblins (D:1)
  3 quokkas (D:1)
  2 ball pythons (D:1)
  4 bats (D:1)
  2 frilled lizards (D:1)
  4 kobolds
  3 rats (D:1)
31 creatures vanquished.

Notes
Turn   | Place    | Note
-------+----------+-------------------------------------------
     0 | D:1      | zeram the Octopode Necromancer began the quest for the Orb.
     0 | D:1      | Reached XP level 1. HP: 11/11 MP: 3/3
    44 | D:1      | Reached skill level 3 in Stealth
   506 | D:1      | Reached XP level 2. HP: 15/17 MP: 4/5
   643 | D:1      | Reached skill level 4 in Stealth
   932 | D:1      | Reached XP level 3. HP: 21/21 MP: 6/6
   954 | D:1      | Reached skill level 5 in Stealth
  1161 | D:2      | Found a faded altar of an unknown god.
  1223 | D:2      | Noticed Sigmund
  1253 | D:2      | Killed from afar by Sigmund

Illustrated notes

Levels and vault maps discovered:
D:1:      noname_arrival_rooms_in_the_neighbourhood, layout_basic,
          minmay_close_crescents
D:2:      layout_rooms, hellmonk_ecumenical_altar_inner_sanctum, serial_shops,
          shop_coins, supply_closet_lemuel, uniq_sigmund

Skill      XL: |  1  2  3 |
---------------+----------+-----
Stealth        | 3 4 5 |  5.3
Dodging        | |  2.0
Spellcasting   | |  2.0
Necromancy     | |  4.0

Action                   || total
-------------------------++-------
Melee: Unarmed           ||     9
       Dagger            ||    42
       Constrict         ||     9
       Tentacles         ||     4
 Cast: Pain              ||     7
  Use: Scroll            ||     3
 Stab: Sleeping          ||    14
Dodge: Dodged            ||    26
